 Dungeon Crawl Stone Soup version 0.31-a0-986-g5e6e4ef867 (webtiles) character file.

Game seed: 1300428753964976762

3178 oldriver the Basher (level 9, -6/74 HPs)
             Began as a Mummy Fighter on Nov 13, 2023.
             Was a Priest of Okawaru.
             Killed from afar by an acid dragon (21 damage)
             ... with a splash of acid
             ... on level 7 of the Dungeon.
             The game lasted 00:10:48 (8561 turns).

oldriver the Basher (Mummy Fighter)                 Turns: 8561, Time: 00:10:48

Health: -6/74      AC: 20    Str: 30    XL:     9   Next: 63%
Magic:  11/11      EV: 12    Int:  7    God:    Okawaru [***...]
Gold:   167        SH:  5    Dex: 11    Spells: 8/8 levels left

rFire   . . .        p - +2 mace (protect)
rCold   . . .        c - +0 buckler
rNeg    + + +        b - +0 scale mail
rPois   ∞            (no helmet)
rElec   .            (no cloak)
rCorr   .            w - +1 pair of gloves
SInv    .            n - +2 pair of boots
Will    +....        k - amulet of magic regeneration
Stlth   +            l - +6 ring of strength
HPRegen 0.32/turn    v - ring of fire
MPRegen 0.52/turn

%: faith
@: heroic, under a protective aura
A: cold resistance 1, negative energy resistance 3, torment resistance 2, heat
vulnerability 1, in touch with death 1, no potions, faith
a: Renounce Religion, Heroism


You were on level 7 of the Dungeon.
You worshipped Okawaru.
Okawaru was most pleased with you.
You visited 2 branches of the dungeon, and saw 9 of its levels.

You collected 333 gold pieces.
You spent 166 gold pieces at shops.

Inventory:

Hand Weapons
 a - a +0 flail of draining
 i - a +1 whip of freezing
 p - a +2 mace of protection (weapon)
Missiles
 r - 5 poisoned darts
 s - 4 silver javelins
 t - 52 stones
 x - a throwing net
Armour
 b - a +0 scale mail (worn)
 c - a +0 buckler (worn)
 n - a +2 pair of boots (worn)
 w - a +1 pair of gloves (worn)
Jewellery
 k - an amulet of magic regeneration (around neck)
 l - a +6 ring of strength (left hand)
 v - a ring of fire (right hand)
Wands
 o - a wand of quicksilver (11)
 u - a wand of paralysis (8)
 y - a wand of iceblast (8)
 z - a wand of flame (5)
Scrolls
 d - 5 scrolls of teleportation
 e - 2 scrolls of identify
 f - a scroll of fog
 g - a scroll of vulnerability
 h - 3 scrolls of immolation
 j - 2 scrolls of revelation
 m - a scroll of blinking
 q - 2 scrolls of amnesia


   Skills:
 + Level 8.0(13.0) Fighting
 * Level 8.8(13.8) Maces & Flails
 - Level 3.0(8.0) Armour
 - Level 3.0(8.0) Shields
 - Level 3.0 Invocations
 - Level 1.0 Evocations


You had 8 spell levels left.
You didn't know any spells.
Your spell library contained the following spells:

 Spells                   Type           Power      Damage    Failure   Level
 Magic Dart               Conj           0%         1d3       69%         1
 Scorch                   Fire           0%         2d5       83%         2
 Searing Ray              Conj           0%         2d4       83%         2
 Stone Arrow              Conj/Erth      0%         3d7       96%         3
 Flame Wave               Conj/Fire      0%         2d4       100%        4
 Fulminant Prism          Conj/Hex       0%         3d5       100%        4
 Petrify                  Tmut/Erth      0%         N/A       100%        4
 Irradiate                Conj/Tmut      0%         3d11      100%        5
 Lehudib's Crystal Spear  Conj/Erth      0%         10d2      100%        8
 Sublimation of Blood     Necr           Unusable   N/A       N/A         2
 Animate Armour           Summ/Erth      Unusable   N/A       N/A         4
 Summon Cactus Giant      Summ           Unusable   N/A       N/A         6

Dungeon Overview and Level Annotations

Branches:
Dungeon (8/15)             Temple (1/1) D:5
   Lair: D:8-11

Altars:
Ashenzari
Cheibriados
Dithmenos
Fedhas
Gozag
Hepliaklqana
Kikubaaqudgha
Makhleb
Nemelex Xobeh
Okawaru
Qazlal
Ru
Sif Muna
Trog
Uskayaw
Vehumet
Wu Jian
Yredelemnul

Shops:
D:4 (=*?*   D:5 ((?


Innate Abilities, Weirdness & Mutations

You are immune to poison.
Your flesh is cold resistant. (rC+)
You are immune to negative energy. (rN+++)
You are immune to unholy pain and torment.
You are vulnerable to heat. (rF-)
You are in touch with the powers of death.
You do not drink.
You have a special connection with the divine. (Faith)


Message History

The acid dragon is lightly wounded.
The kobold closely misses you. The acid dragon bites you.
You block the acid dragon's attack.
You hit the acid dragon but do no damage.
The acid dragon is lightly wounded.
The kobold closely misses you. The acid dragon closely misses you. x2
You hit the acid dragon but do no damage.
The acid dragon is lightly wounded.
The kobold closely misses you. The acid dragon spits acid at you.
The splash of acid hits you!!
* * * LOW HITPOINT WARNING * * *
You barely miss the acid dragon.
The acid dragon is lightly wounded.
The kobold hits you but does no damage.
The acid dragon bites you but does no damage.
The acid dragon barely misses you.
You gain the combat prowess of a mighty hero.
The kobold barely misses you.
The acid dragon bites you but does no damage.
The acid dragon claws you.
* * * LOW HITPOINT WARNING * * *
You closely miss the acid dragon.
The acid dragon is lightly wounded.
The kobold misses you.
You hit the acid dragon but do no damage.
The acid dragon is lightly wounded.
The acid dragon closely misses you. The acid dragon claws you.
* * * LOW HITPOINT WARNING * * *
You barely miss the acid dragon.
The acid dragon is lightly wounded.
The kobold hits you but does no damage.
The acid dragon bites you but does no damage.
The acid dragon claws you but does no damage.
You barely miss the acid dragon.
The acid dragon is lightly wounded.
The kobold closely misses you. The acid dragon spits acid at you.
The splash of acid hits you!!
You die...

##########
##.KD##...##
##...@......##
#............#
#............######
#.................####
##..>.......#.###.....
##........##.# ######
###...#####.# #.#.#
#.# #.#.# #.#


You could see an acid dragon (catching breath) and a kobold.

Vanquished Creatures
  Pikel (D:6)
  3 yaks
  A steam dragon (D:6)
  Edmund (D:5)
  An acid dragon (D:6)
  3 ice beasts
  2 ogres
  2 phantoms
  3 scorpions
  A gnoll sergeant (D:6)
  7 killer bees
  2 orc priests (D:5)
  A jelly (D:7)
  3 hounds
  7 iguanas
  2 sleepcaps
  4 orc wizards
  12 gnolls
  9 adders
  A shadow imp (D:6)
  A white imp (D:6)
  3 worms
  4 dart slugs
  9 orcs
  5 ball pythons
  3 bats
  6 endoplasms
  A giant cockroach (D:2)
  7 goblins
  3 hobgoblins
  3 quokkas
  4 frilled lizards
  7 kobolds
  A rat (D:1)
123 creatures vanquished.

Vanquished Creatures (others)
  An orc wizard (D:4)
1 creature vanquished.

Grand Total: 124 creatures vanquished

Notes
Turn   | Place    | Note
-------+----------+-------------------------------------------
     0 | D:1      | oldriver the Mummy Fighter began the quest for the Orb.
     0 | D:1      | Reached XP level 1. HP: 18/18 MP: 1/1
   147 | D:1      | Reached XP level 2. HP: 24/24 MP: 2/2
   733 | D:2      | Reached XP level 3. HP: 26/29 MP: 3/3
  1523 | D:2      | Noticed a scorpion
  1535 | D:2      | Killed a scorpion
  1536 | D:2      | Reached XP level 4. HP: 27/37 MP: 4/4
  1625 | D:3      | Found a faded altar of an unknown god.
  1961 | D:3      | Found a burning altar of Makhleb.
  1961 | D:3      | Found a basalt altar of Yredelemnul.
  1982 | D:3      | Reached XP level 5. HP: 38/42 MP: 5/5
  2424 | D:4      | Noticed a phantom
  2467 | D:4      | Killed a phantom
  2555 | D:4      | Found an opulent altar of Gozag.
  2562 | D:4      | Found Umao's General Store.
  2578 | D:4      | Reached XP level 6. HP: 49/49 MP: 6/6
  2618 | D:4      | Bought a wand of iceblast (3) for 100 gold pieces
  2629 | D:4      | Found Masunawn's Magic Scroll Shop.
  2701 | D:4      | Bought a scroll of teleportation for 33 gold pieces
  2701 | D:4      | Bought a scroll of teleportation for 33 gold pieces
  3113 | D:4      | Found Ucysheol's Jewellery Boutique.
  3140 | D:4      | Found Odozorchytu's Antique Weapon Shop.
  3164 | D:4      | Found Losyehun's Assorted Antiques.
  3215 | D:4      | Found a blossoming altar of Fedhas.
  3645 | D:5      | Entered Level 5 of the Dungeon
  3661 | D:5      | Noticed Edmund
  3673 | D:5      | Killed Edmund
  3674 | D:5      | Reached skill level 5 in Fighting
  3674 | D:5      | Reached skill level 5 in Maces & Flails
  3674 | D:5      | Reached skill level 1 in Evocations
  3674 | D:5      | Reached XP level 7. HP: 28/56 MP: 7/7
  3806 | D:5      | Found Xuohyv's Antique Weapon Shoppe.
  4304 | D:5      | Found a staircase to the Ecumenical Temple.
  4640 | Temple   | Entered the Ecumenical Temple
  4649 | Temple   | Became a worshipper of Warmaster Okawaru
  4904 | D:5      | Found Ifett's Magic Scroll Shoppe.
  4993 | D:5      | Found Byerched's Antique Weapon Shoppe.
  5072 | D:5      | Found a snail-covered altar of Cheibriados.
  5277 | D:5      | Noticed a yak
  5279 | D:5      | Noticed a yak
  5280 | D:5      | Noticed a yak
  5326 | D:4      | Killed a yak
  5327 | D:4      | Reached XP level 8. HP: 64/64 MP: 8/8
  5339 | D:4      | Reached * piety under Okawaru
  6594 | D:6      | Noticed Pikel
  6607 | D:6      | Killed Pikel
  6607 | D:6      | Reached ** piety under Okawaru
  6608 | D:6      | Reached skill level 1 in Invocations
  6608 | D:6      | Reached XP level 9. HP: 72/72 MP: 8/10
  7159 | D:6      | Found a shadowy altar of Dithmenos.
  7308 | D:6      | Identified the +2 leather armour of Submission {Int+3 SInv
                  | Stlth-}
  8037 | D:7      | Reached *** piety under Okawaru
  8561 | D:7      | Killed from afar by an acid dragon

Illustrated notes

Levels and vault maps discovered:
D:1:      ebering_trefoil_twist, layout_basic
D:2:      layout_loops_cross, wad_floor_pattern_untrapped,
          roderic_serpentine_path, grunt_decor_fettered, minmay_quantized
D:3:      layout_loops_cross, nicolae_overflow_two_pavilions,
          ebering_ecumenical_altar_hall
D:4:      layout_layer_cave, nicolae_overflow_crystal_walls, fedhas_altar_1,
          serial_shops, nicolae_shop_window_shopping, nicolae_take_the_stairs,
          nicolae_shop_crystal, nicolae_shop_window_shopping, shop,
          minmay_a_box_with_orc_wizards_in_it
D:5:      layout_layer_cave, kennysheep_slug_shrine,
          minmay_temple_entry_stoned_glass, serial_shops, shop,
          nicolae_shop_tiny_waterfront, nicolae_shop_tiny_glass, uniq_edmund
D:6:      layout_basic, nicolae_dithmenos_shadow_blocks, uniq_pikel
D:7:      layout_rooms
D:8:      layout_gridville, serial_shops, nicolae_shop_bloodbath_and_beyond,
          nicolae_sextant
Temple:   hellmonk_temple_of_storms

Skill      XL: |  1  2  3  4  5  6  7  8  9 |
---------------+----------------------------+-----
Maces & Flails | 2 3 4 5 6 7 8 |  8.8
Fighting       | 4 5 6 7 8 |  8.0
Evocations     | 1 |  1.0
Armour         | 3 |  3.0
Shields        | 3 |  3.0
Invocations    | 1 3 |  3.0

Action                     |  1- 3 |  4- 6 |  7- 9 || total
---------------------------+-------+-------+-------++-------
  Melee: Flail             |   115 |   109 |   172 ||   396
         Mace              |       |       |   167 ||   167
 Invoke: Heroism           |       |       |     3 ||     3
  Evoke: Wand              |       |     3 |       ||     3
    Use: Scroll            |       |     5 |     7 ||    12
 Armour: Scale mail        |    78 |    85 |   344 ||   507
  Dodge: Dodged            |    52 |    40 |   188 ||   280
  Block: Buckler           |    18 |    15 |    69 ||   102

Table legend: (Time is in decaauts)
 A = Elapsed time spent in this place.
 B = Non-inter-level travel time spent in this place.
 C = Inter-level travel time spent in this place.
 D = Time resting spent in this place.
 E = Time spent auto-exploring this place.
 F = Levels seen in this place.
 G = Mean time per level.
                   A        B        C        D        E       F      G
               +--------+--------+--------+--------+--------+-----+--------+
         Total |   8642 |   7821 |    821 |    949 |   5520 |   9 |  960.2 |
       Dungeon |   8623 |   7820 |    803 |    949 |   5520 |   8 | 1077.9 |
        Temple |     18 |      1 |     17 |      0 |      0 |   1 |   18.0 |
               +--------+--------+--------+--------+--------+-----+--------+

Top non-repeatable levels by time:
     D:6: 1999 daAuts
     D:5: 1931 daAuts
     D:4: 1569 daAuts
     D:2: 928 daAuts
     D:3: 806 daAuts
     D:1: 720 daAuts
     D:7: 641 daAuts
     D:8: 25 daAuts
  Temple: 18 daAuts
